Map: Ruins of Seras

Players

SticklerMac - Winner!

  • Race: Zerg Zerg
  • League: Silver

VOD

Have the link to the VOD?

Description

Time

  • Played on: Aug. 29, 2015, 4:49 p.m.
  • Length: 49:57
Show
View Real Time Build Order
Export as new Build Order

SticklerMac Zerg - Winner!

Build Orders: Hatch First 

Get SALT Encoding   

  12  20:12  Hatchery  
  12  20:22  Hatchery  
  12  20:28  Hatchery  
  12  20:41  Hatchery x2  
  12  20:46  Hatchery  
  12  20:49  Hatchery  
  12  21:04  Hatchery  
  12  21:08  Hatchery  
  12  21:10  Hatchery  
  12  21:15  Hatchery  
  12  21:20  Hatchery  
  12  24:39  Drone  
  12  25:26  Drone x14  
  12  25:27  Drone x25  
  12  30:03  Drone x11  
  12  30:04  Drone x28  
  12  30:38  Hatchery  
  12  30:39  Hatchery  
  12  30:40  Hatchery  
  12  31:00  Hatchery  
  12  31:12  Hatchery x2  
  12  31:15  Hatchery  
  12  31:17  Hatchery  
  12  31:21  Hatchery  
  12  33:43  Drone x4  
  12  33:44  Drone x31  
  12  33:45  Drone x31  
  12  33:53  Spawning Pool  
  12  34:11  Drone x5  
  12  34:12  Overlord x8  
  12  34:13  Overlord x31  
  12  41:48  Drone x13  
  12  41:49  Drone x20  
  12  41:50  Drone x20  
  12  41:51  Drone x7  
Tags
 
Add a new tag
Caveats
  • Supply blocks, unpowered buildings, or Contaminate may cause inaccurate times.
  • Supply counts are checked every 10 seconds.